 Dungeon Crawl Stone Soup version 0.30-a0-1114-gd936c97349 (webtiles) character file.

Game seed: 2808727719956079667

83 sircluck the Chopper (level 4, -3/40 HPs)
             Began as a Hill Orc Fighter on Apr 20, 2023.
             Slain by an orc
             ... wielding a +0 hand axe
              (6 damage)
             ... on level 3 of the Dungeon.
             The game lasted 00:06:00 (1664 turns).

sircluck the Chopper (Hill Orc Fighter)             Turns: 1664, Time: 00:06:01

Health: -3/40      AC: 10    Str: 20    XL:     4   Next: 44%
Magic:  4/4        EV:  9    Int:  8    God:
Gold:   48         SH:  0    Dex: 10    Spells: 3/3 levels left

rFire   . . .      SeeInvis .    a - +0 war axe
rCold   . . .      Faith    .    c - +0 buckler
rNeg    . . .      Spirit   .    b - +0 scale mail
rPois   .          Reflect  .    (no helmet)
rElec   .          Rampage  .    g - +2 cloak
rCorr   .                        (no gloves)
Will    .....                    (no boots) Stlth
                                 (no amulet)
HPRegen 0.26/turn                (no ring)
MPRegen 0.09/turn                (no ring)

@: confused, mighty
A: no striking features
a: no special abilities


You were on level 3 of the Dungeon.
You visited 1 branch of the dungeon, and saw 3 of its levels.

You collected 52 gold pieces.
You spent 4 gold pieces at shops.

Inventory:

Hand Weapons
 a - a +0 war axe (weapon)
Missiles
 e - 27 stones (quivered)
Armour
 b - a +0 scale mail (worn)
 c - a +0 buckler (worn)
 g - a +2 cloak (worn)
Scrolls
 h - a scroll of amnesia {unknown}
 k - a scroll of enchant armour {unknown}
 l - 3 scrolls of vulnerability {unknown}
 m - a scroll of identify {unknown}
 n - a scroll of torment {unknown}
Potions
 f - a potion of cancellation {unknown}
 i - 2 potions of degeneration {unknown}
 j - a potion of heal wounds {unknown}


   Skills:
 + Level 4.1 Fighting
 + Level 4.3 Axes
 + Level 3.8 Armour
 + Level 0.7 Stealth
 + Level 3.7 Shields


You had 3 spell levels left.
You didn't know any spells.
Your spell library contained the following spells:

 Spells                   Type           Power      Damage    Failure   Level
 Magic Dart               Conj           0%         1d3       85%         1
 Blink                    Tloc           0%         N/A       94%         2
 Call Imp                 Summ           0%         N/A       94%         2
 Lesser Beckoning         Tloc           0%         N/A       94%         2
 Momentum Strike          Conj/Tloc      0%         3d8       94%         2
 Poisonous Vapours        Pois/Air       0%         N/A       94%         2
 Mephitic Cloud           Conj/Pois/Air  0%         N/A       99%         3
 Freezing Cloud           Conj/Ice/Air   0%         6-21      100%        5


Dungeon Overview and Level Annotations

Branches:
Dungeon (3/15)

Altars:
Qazlal

Shops:
D:1 (


Message History

You closely miss something.
You hear some strange, mumbled words.
A magic dart appears from out of thin air!
The magic dart hits you. Something hits you. You block the orc's attack.
You miss something. You barely miss the orc. You completely miss something.
Something hits you but does no damage. You block the orc's attack.
You hear some strange, mumbled words.
You are confused.
Something completely misses you. Something hits you but does no damage.
The orc hits you with a +0 hand axe. The orc hits you but does no damage.
The orc attacks as you move away! The orc hits you but does no damage.
Something hits you but does no damage. Something hits you but does no damage.
You see here a worm corpse.
You're too confused to move!
You hear some strange, mumbled words.
A puff of flame appears from out of thin air!
The puff of flame misses you. The orc completely misses you.
A magic dart appears from out of thin air!
The magic dart hits you.
* * * LOW HITPOINT WARNING * * *
Something hits you but does no damage. The orc hits you with a +0 hand axe.
* * * LOW HITPOINT WARNING * * *
Something hits you.
* * * LOW HITPOINT WARNING * * *
You see here a scroll labelled UVEQECVOTE.
You feel very mighty all of a sudden. Something hits you but does no damage.
The orc hits you with a +0 hand axe.
* * * LOW HITPOINT WARNING * * *
Something hits you but does no damage. The orc hits you but does no damage.
You closely miss something. You miss something. You closely miss the orc.
You slash the orc!
You kill the orc!
An orc wizard appears from thin air!
Reactivating autopickup.
The orc wizard hits you but does no damage.
Something hits you but does no damage.
Deactivating autopickup; reactivate with Ctrl-A.
The orc hits you with a +0 hand axe.
You die...

#####...........#
#...............#
#.>.#...........#
#...............#
#...............#
##+##...............#
#..........##.##.####
...##.[){..###..#.##
........o@.# ##.#..##
#......)o))# #.##.<#
..##.......# #...).#
#.......# ####†)).#
........... ##.#.#
........##### #....#
...?...... .....#
........## ..>...
...... .#.....


You could see an orc wizard and an orc.

Vanquished Creatures
  An orc wizard (D:3)
  An adder (D:2)
  A worm (D:3)
  A dart slug (D:1)
  5 orcs (D:3)
  3 bats (D:1)
  6 endoplasms
  3 hobgoblins
  3 quokkas
  4 ball pythons
  2 goblins
  7 kobolds
  A rat (D:1)
38 creatures vanquished.

Vanquished Creatures (others)
  3 plants (D:2)
3 creatures vanquished.

Grand Total: 41 creatures vanquished

Notes
Turn   | Place    | Note
-------+----------+-------------------------------------------
     0 | D:1      | sircluck the Hill Orc Fighter began the quest for the Orb.
     0 | D:1      | Reached XP level 1. HP: 19/19 MP: 1/1
   217 | D:1      | Reached XP level 2. HP: 23/27 MP: 2/2
   480 | D:1      | Found Gemoleipp's Weapon Shoppe.
   483 | D:1      | Bought 3 stones for 4 gold pieces
  1167 | D:2      | Reached XP level 3. HP: 33/33 MP: 3/3
  1185 | D:2      | Found a stormy altar of Qazlal.
  1331 | D:2      | Found a faded altar of an unknown god.
  1552 | D:3      | Reached XP level 4. HP: 25/40 MP: 4/4
  1664 | D:3      | Slain by an orc

Illustrated notes

Levels and vault maps discovered:
D:1:      sevenhm_arrival_forest_fort_large_4, layout_basic, serial_shops,
          nicolae_shop_real_fake_doors
D:2:      layout_rooms, basic_altar, shapermc_ecumenical_altar_acropolis
D:3:      layout_rooms, nrook_uturn, solitary_fountain, uniq_terence

Skill      XL: |  1  2  3 |
---------------+----------+-----
Axes           | 3 4 |  4.3
Fighting       | 4 |  4.1
Armour         | |  3.8
Stealth        | |  0.7
Shields        | |  3.7

Action                     |  1- 3 |  4- 6 || total
---------------------------+-------+-------++-------
  Melee: War axe           |   101 |    22 ||   123
    Use: Potion            |       |     1 ||     1
 Armour: Scale mail        |    51 |    23 ||    74
  Dodge: Dodged            |    53 |     7 ||    60
  Block: Buckler           |    24 |     8 ||    32

Table legend: (Time is in decaauts)
 A = Elapsed time spent in this place.
 B = Non-inter-level travel time spent in this place.
 C = Inter-level travel time spent in this place.
 D = Time resting spent in this place.
 E = Time spent auto-exploring this place.
 F = Levels seen in this place.
 G = Mean time per level.
                   A        B        C        D        E       F      G
               +--------+--------+--------+--------+--------+-----+--------+
         Total |   1708 |   1551 |    157 |      0 |   1188 |   3 |  569.3 |
       Dungeon |   1708 |   1551 |    157 |      0 |   1188 |   3 |  569.3 |
               +--------+--------+--------+--------+--------+-----+--------+

Top non-repeatable levels by time:
     D:1: 1137 daAuts
     D:2: 438 daAuts
     D:3: 132 daAuts
